 Dungeon Crawl Stone Soup version 0.19-a0-49-gb8736b8 (webtiles) character file.

3104 Jeelzebub the Fighter (level 9, -6/71 HPs)
             Began as an Octopode Fighter on May 7, 2016.
             Was an Initiate of Gozag.
             Mangled by a manticore (12 damage)
             ... on level 8 of the Dungeon.
             The game lasted 00:12:55 (10160 turns).

Jeelzebub the Fighter (Octopode Fighter)           Turns: 10160, Time: 00:12:56

Health: -6/71      AC:  1    Str: 15    XL:     9   Next: 90%
Magic:  15/15      EV: 16    Int:  8    God:    Gozag
Gold:   400        SH:  9    Dex: 20    Spells: 1 memorised, 14 levels left

rFire  + + +     SeeInvis .     b - +4 dagger of Compulsion {holy, rPois rF+++ rC+ Int-2}
rCold  + . .     Gourm    .     A - +0 shield
rNeg   . . .     Faith    .     (helmet restricted)
rPois  +         Spirit   .     (no amulet)
rElec  .         Dismiss  .     (no ring)
rCorr  .         Reflect  .     (no ring)
SustAt .         Harm     .     (no ring)
MR     .....                    (no ring)
Stlth  ++++......               (no ring)
                                (no ring)
                                (no ring)
                                (no ring)

@: agile, hasted, drained, very quick, not resistant to hostile enchantments,
stealthy
A: almost no armour, amphibious, 8 rings, constrict 8, camouflage 1, gelatinous
body 1
a: Potion Petition, Call Merchant, Bribe Branch, Renounce Religion


You were on level 8 of the Dungeon.
You worshipped Gozag.
Gozag was noncommittal.
You were not hungry.

You visited 2 branches of the dungeon, and saw 9 of its levels.

You collected 487 gold pieces.
You paid 87 gold pieces to Gozag.

Inventory:

Hand Weapons
 a - a +0 long sword
 b - the +4 dagger of Compulsion (weapon) {holy, rPois rF+++ rC+ Int-2}
   (You found it on level 6 of the Dungeon)

   It has been blessed by the Shining One to cause great damage to the undead
   and demons.
   It affects your intelligence (-2).
   It renders you almost immune to fire.
   It protects you from cold.
   It protects you from poison.
 m - a +1 dagger of chaos
   (You took it off a crimson imp on level 3 of the Dungeon)
 n - a +2 dagger of draining
   (You took it off Ijyb on level 2 of the Dungeon)
 o - a +0 mace of holy wrath
   (You took it off an orc on level 8 of the Dungeon)
 E - a +2 vampiric whip {!w}
   (You took it off an orc on level 8 of the Dungeon)
 H - a +0 mace of protection
   (You took it off a wight on level 7 of the Dungeon)
 M - a +3 spear
   (You found it on level 8 of the Dungeon)
Missiles
 p - 98 bolts
Armour
 A - a +0 shield (worn)
Magical Staves
 y - an uncursed staff of air {rElec}
   (You found it on level 5 of the Dungeon)
Jewellery
 e - an uncursed amulet of dismissal {unknown}
   (You found it on level 3 of the Dungeon)
Wands
 v - a wand of confusion (13/48)
   (You found it on level 5 of the Dungeon)
 B - a wand of iceblast (7/15)
   (You found it on level 6 of the Dungeon)
 C - a wand of flame (19/48)
   (You found it on level 6 of the Dungeon)
 I - a wand of slowing (35/48)
   (You found it on level 7 of the Dungeon)
 N - a wand of acid (8/15)
   (You found it on level 8 of the Dungeon)
Scrolls
 f - 2 scrolls of fog {unknown}
 g - 2 scrolls of immolation {unknown}
 h - a scroll of enchant weapon {unknown}
 i - 2 scrolls of blinking {unknown}
 j - 5 scrolls of teleportation {unknown}
 k - a scroll of fear {unknown}
 l - 9 scrolls of identify
 u - 3 scrolls of remove curse {unknown}
 D - 3 scrolls of noise {unknown}
 J - a scroll of magic mapping {unknown}
 L - a scroll of enchant armour {unknown}
Potions
 c - a potion of flight {unknown}
 d - 2 potions of brilliance
 r - a potion of might
 t - a potion of resistance {unknown}
 x - a potion of cancellation {unknown}
 G - a potion of curing {unknown}
 K - a potion of ambrosia {unknown}
Books
 z - Sif Muna's Almanac of Glacial Toxins
   (You found it on level 6 of the Dungeon)

   Spells                             Type                      Level
   a - Sting                          Conjuration/Poison           1
   b - Ozocubu's Armour               Charms/Ice                   3
   c - Ignite Poison                  Fire/Transmutation/Poison    3
   d - Alistair's Intoxication        Transmutation/Poison         5
   e - Freezing Cloud                 Conjuration/Ice/Air          6
Comestibles
 q - 18 fruits
 w - a meat ration {@e2}
 F - 2 slices of pizza


   Skills:
 - Level 10.3 Fighting
 - Level 2.0(1.9) Long Blades
 - Level 3.0(2.9) Dodging
 - Level 3.0(2.9) Shields
 + Level 4.5 Spellcasting
 + Level 5.1(5.0) Charms
 + Level 5.0 Ice Magic


You had 14 spell levels left.
You knew the following spells:

 Your Spells              Type           Power        Failure   Level  Hunger
A - Ozocubu's Armour      Chrm/Ice       #.......     54%         3    ###....


Dungeon Overview and Level Annotations

Branches:
Dungeon (8/15)             Temple (1/1) D:7            Lair (0/8) D:8

Altars:
Ashenzari
Cheibriados
Dithmenos
Elyvilon
Fedhas
Gozag
Kikubaaqudgha
Makhleb
Nemelex Xobeh
Okawaru
Pakellas
Qazlal
Ru
Sif Muna
Trog
Xom
Yredelemnul
Zin
The Shining One
Lugonu

Shops:
D:6 %

Annotations:
D:8 4 runed doors


Innate Abilities, Weirdness & Mutations

You cannot wear most types of armour.
You are amphibious.
You can wear up to eight rings at the same time.
You can use your tentacles to constrict eight enemies at once.
Your skin changes colour to match your surroundings (Stealth).
Your rubbery body absorbs attacks (AC +1).


Message History

You constrict the giant frog. The giant frog hits you.
You take 2 damage, and have 55/71 hp.
You hit the giant frog. You constrict the giant frog.
You block the giant frog's attack. The giant frog closely misses you.
There are monsters nearby!
You hit the giant frog. You squeeze the giant frog.
You kill the giant frog!
Your base Ice Magic skill increases to level 5!
You hit the killer bee zombie.
The killer bee zombie convulses.
Your grab misses the killer bee zombie.
You block the killer bee zombie's attack.
The killer bee zombie barely misses you.
Your shield prevents you from hitting the killer bee zombie.
Your grab misses the killer bee zombie.
You block the killer bee zombie's attack. x2
You hit the killer bee zombie.
The killer bee zombie convulses!
Your grab misses the killer bee zombie. You squeeze the killer bee zombie.
You destroy the killer bee zombie!
A jackal comes into view.
You see here 17 gold pieces.
You completely miss the jackal.
The jackal barks!
You grab the jackal. You constrict the jackal.
You hear a bark!
The jackal bites you.
A jackal comes into view.
You take 2 damage, and have 54/71 hp.
There are monsters nearby!
You hit the jackal. You squeeze the jackal.
You kill the jackal!
You block the jackal's attack.
You closely miss the jackal. Your grab misses the jackal.
The jackal is distracted by the nearby gold.
The jackal barks!
You puncture the jackal!
You kill the jackal!
No target in view!
No target in view!
No target in view!
You now have 400 gold pieces (gained 17).
A manticore comes into view.
You see here 10 gold pieces.
A manticore is nearby!
You hit the manticore. The manticore bites you.
You block the manticore's attack. The manticore claws you.
The manticore bites you! The manticore claws you. x2
You take 28 damage, and have 27/71 hp.
MASSIVE DAMAGE!!
Drink which item? (? for menu, Esc to quit)
Okay, then.
Here: a manticore (lightly wounded)
The floor.
Aim: a manticore (lightly wounded, chance to defeat MR: 28%)
Okay, then.
Okay, then.
Drink which item? (? for menu, Esc to quit)
You feel much better. The manticore bites you!! The manticore claws you.
The manticore claws you!
* * * LOW HITPOINT WARNING * * *
You take 8 damage, and have 19/71 hp.
Read which item? (? for menu, Esc to quit)
Okay, then.
Aim: a manticore (lightly wounded, chance to defeat MR: 28%)
The manticore appears confused.
This wand has 13 charges left.
The manticore is distracted by the nearby gold.
You barely miss the manticore.
The manticore is no longer distracted by gold.
You block the manticore's attack. The manticore closely misses you.
The manticore claws you!
* * * LOW HITPOINT WARNING * * *
You take 10 damage, and have 9/71 hp.
You puncture the manticore!
You squeeze the manticore, but do no damage.
Drink which item? (? for menu, Esc to quit)
You feel much better.
You regained 21 hp, and now have 31/71 hp.
You hit the manticore but do no damage. You hit the manticore.
You hit the manticore. Your squeeze misses the manticore.
You hit the manticore. You hit the manticore. You squeeze the manticore.
You catch the helpless manticore completely off-guard!
You puncture the manticore! You hit the manticore but do no damage.
You hit the manticore but do no damage.
The manticore seems less confused.
You block the manticore's attack. The manticore claws you! x2
* * * LOW HITPOINT WARNING * * *
You take 23 damage, and have 10/71 hp.
MASSIVE DAMAGE!! [a] - 0 gold - might, agility and brilliance [b] - 0 gold - haste, agility and heal wounds [c] - 0 gold - might and agility Purchase which effect?
You feel yourself speed up.
You feel agile all of a sudden.
You feel much better. The manticore bites you!!
* * * LOW HITPOINT WARNING * * *
You block the manticore's attack. The manticore claws you!
You die...
Your body crumbles into a pile of gold.

#.# #..# #.## #.
#.###..## $ ##.#### #.
#.#.....# #.....###.
#...###'# #+###..##.
#..##$#.### ##.##.
#..#.#.##)# #.##.
#..#.###.. #.##.
#..#.#H.# #.##.
##.#$#@##/# #.##.
#.##....#### ##.##.
#..######..######..##.
##................###.
#####.............#..
#############...#
#####


You could see a manticore.

Vanquished Creatures
  The ghost of useraccount the Cudgeler, an amateur OgGl (D:3)
  Prince Ribbit (D:7)
  An orc warrior (D:8)
  3 sky beasts
  A necrophage (D:7)
  An ogre (D:7)
  A centaur (D:7)
  A big kobold (D:8)
  2 giant frogs
  4 scorpions
  4 wights
  10 crimson imps
  A wasp zombie (D:5)
  2 giant frog zombies (D:5)
  A quasit (D:5)
  2 jellies (D:5)
  4 orc priests
  A hound (D:5)
  8 orc wizards
  Jessica (D:3)
  8 worker ants
  An iguana (D:6)
  Ijyb (D:2)
  A killer bee zombie (D:8)
  A hound skeleton (D:5)
  14 adders
  3 oozes
  An adder skeleton (D:7)
  6 worms
  7 giant geckos
  30 orcs
  7 bats
  4 giant cockroaches
  8 goblins
  2 hobgoblins
  15 jackals
  4 quokkas
  2 ball pythons
  6 giant newts
  13 kobolds
  A quokka skeleton (D:4)
  A quokka zombie (D:8)
  8 rats
194 creatures vanquished.

Notes
Turn   | Place    | Note
--------------------------------------------------------------
     0 | D:1      | Jeelzebub the Octopode Fighter began the quest for the Orb.
     0 | D:1      | Reached XP level 1. HP: 16/16 MP: 1/1
   249 | D:1      | Found a sparkling altar of Nemelex Xobeh.
   342 | D:1      | Reached XP level 2. HP: 21/21 MP: 2/2
  1157 | D:2      | Reached skill level 4 in Fighting
  1282 | D:2      | HP: 1/22 [worm (10)]
  1581 | D:2      | Reached XP level 3. HP: 27/27 MP: 3/3
  2072 | D:2      | Reached XP level 4. HP: 29/34 MP: 4/4
  2140 | D:2      | Noticed Ijyb
  2152 | D:2      | Killed Ijyb
  2152 | D:2      | Reached skill level 5 in Fighting
  2625 | D:3      | Found a shimmering altar of Xom.
  2631 | D:3      | Reached XP level 5. HP: 41/41 MP: 5/5
  2722 | D:3      | Reached skill level 6 in Fighting
  2729 | D:3      | Found a burning altar of Makhleb.
  2732 | D:3      | Found a glowing silver altar of Zin.
  2733 | D:3      | Noticed an angel
  2735 | D:3      | Noticed an Executioner
  2853 | D:3      | Reached XP level 6. HP: 41/47 MP: 6/6
  2931 | D:3      | Found a white marble altar of Elyvilon.
  3009 | D:3      | Reached skill level 7 in Fighting
  3145 | D:3      | Found a basalt altar of Yredelemnul.
  3238 | D:3      | Noticed Jessica
  3250 | D:3      | Killed Jessica
  3599 | D:3      | Noticed useraccount's ghost (amateur OgGl)
  3612 | D:3      | Killed useraccount's ghost
  3612 | D:3      | Reached skill level 8 in Fighting
  3612 | D:3      | Reached XP level 7. HP: 25/56 MP: 7/7
  4189 | D:3      | Reached skill level 9 in Fighting
  4949 | D:5      | Entered Level 5 of the Dungeon
  4958 | D:5      | Reached XP level 8. HP: 56/63 MP: 8/8
  4999 | D:5      | Found a sparkling altar of Nemelex Xobeh.
  5045 | D:5      | HP: 11/63 [giant frog zombie (7)]
  5051 | D:5      | HP: 9/63 [poisoned by a worker ant]
  5059 | D:5      | HP: 9/63 [poisoned by a worker ant]
  5763 | D:5      | Reached skill level 10 in Fighting
  6204 | D:6      | Identified Sif Muna's Almanac of Glacial Toxins
  6209 | D:6      | Learned a level 3 spell: Ozocubu's Armour
  6219 | D:6      | Got a brightly glowing dagger
  6237 | D:6      | Found Ybruh's Food Boutique.
  6250 | D:6      | Reached skill level 1 in Ice Magic
  6307 | D:6      | Reached skill level 1 in Spellcasting
  6307 | D:6      | Reached skill level 1 in Charms
  6464 | D:6      | Found a shattered altar of Ashenzari.
  6630 | D:6      | Identified the +4 dagger of Compulsion {holy, rPois rF+++ rC+ Int-2} (You found it on level 6 of the Dungeon)
  6906 | D:6      | Reached skill level 2 in Ice Magic
  7186 | D:6      | Found a sacrificial altar of Ru.
  7228 | D:6      | Found a bloodstained altar of Trog.
  7437 | D:7      | Reached skill level 2 in Spellcasting
  7437 | D:7      | Reached skill level 2 in Charms
  7583 | D:7      | Reached XP level 9. HP: 59/71 MP: 12/12
  7628 | D:7      | Reached skill level 3 in Charms
  7628 | D:7      | Reached skill level 3 in Ice Magic
  8026 | D:7      | Reached skill level 3 in Spellcasting
  8144 | D:7      | Noticed Prince Ribbit
  8153 | D:7      | Killed Prince Ribbit
  8153 | D:7      | Reached skill level 4 in Ice Magic
  8227 | D:7      | Reached skill level 4 in Charms
  8577 | D:7      | Found a staircase to the Ecumenical Temple.
  8588 | Temple   | Entered the Ecumenical Temple
  8614 | Temple   | Became a worshipper of Gozag Ym Sagoz the Greedy
  9083 | D:8      | Reached skill level 4 in Spellcasting
  9213 | D:8      | Found a staircase to the Lair.
  9553 | D:8      | Found a blossoming altar of Fedhas.
  9553 | D:8      | Found a snail-covered altar of Cheibriados.
  9554 | D:8      | Found a deep blue altar of Sif Muna.
  9615 | D:8      | Reached skill level 5 in Charms
  9619 | D:8      | Found a blossoming altar of Fedhas.
  9682 | D:8      | Found a large runed door.
  9682 | D:8      | Found a large runed door.
  9698 | D:8      | Found a large runed door.
  9698 | D:8      | Found a large runed door.
  9908 | D:8      | Found a shadowy altar of Dithmenos.
  9924 | D:8      | Found a shimmering altar of Xom.
 10132 | D:8      | Reached skill level 5 in Ice Magic
 10142 | D:8      | Noticed a manticore
 10148 | D:8      | HP: 9/71 [manticore (10)]
 10159 | D:8      | HP: 10/71 [manticore (13)]
 10160 | D:8      | Mangled by a manticore

Vault maps used:
D:1:      dpeg_arrival_rooms_a, grunt_decor_one_mirror,
          nemelex_xobeh_ov_fountains_minmay
D:2:      first_bread, grunt_ministairs_6, uniq_iyjb
D:3:      forest_paths, kennysheep_ying_yang,
          grunt_temple_overflow_order_and_chaos_2,
          minmay_misc_feat_more_columns, led_xom_imps, uniq_jessica
D:5:      old_standard_altar
D:6:      kennysheep_mini, bloody_trog, basic_altar, serial_shops, shop
D:7:      temple_hall, uniq_prince_ribbit1
D:8:      nicolae_overflow_hidden_temple, gammafunk_temple_overflow_claw,
          hangedman_tree_tricks, minmay_hollow_rounded_squares
Temple:   corrupted_temple

Skill      XL: |  1  2  3  4  5  6  7  8  9 |
---------------+----------------------------+-----
Fighting       | 4 5 6 8 9 10 | 10.3
Ice Magic      | 2 5 |  5.0
Spellcasting   | 2 4 |  4.5
Charms         | 2 5 |  5.1
Long Blades    | |  2.0
Dodging        | |  3.0
Shields        | |  3.0

Action                   |  1- 3 |  4- 6 |  7- 9 || total
-------------------------+-------+-------+-------++-------
Melee: Long sword        |    58 |   107 |   144 ||   309
       Constrict         |    19 |    22 |    85 ||   126
       Tentacles         |    15 |    24 |    86 ||   125
       Dagger            |       |       |   191 ||   191
Invok: Potion Petition   |       |       |     1 ||     1
Evoke: Wand              |       |       |    16 ||    16
  Use: Potion            |       |     3 |     3 ||     6
       Scroll            |       |       |     1 ||     1
 Stab: Sleeping          |     4 |     7 |    17 ||    28
       Confused          |       |       |     6 ||     6
       Distracted        |       |       |     2 ||     2
  Eat: Bread ration      |     1 |       |     2 ||     3
       Chunk             |       |     4 |    16 ||    20
Armor: Skin              |     3 |    13 |    18 ||    34
Dodge: Dodged            |    25 |    50 |   142 ||   217
Block: Shield            |    18 |    57 |   139 ||   214

Vault maps used:
D:1:      dpeg_arrival_rooms_a, grunt_decor_one_mirror,
          nemelex_xobeh_ov_fountains_minmay
D:2:      first_bread, grunt_ministairs_6, uniq_iyjb
D:3:      forest_paths, kennysheep_ying_yang,
          grunt_temple_overflow_order_and_chaos_2,
          minmay_misc_feat_more_columns, led_xom_imps, uniq_jessica
D:5:      old_standard_altar
D:6:      kennysheep_mini, bloody_trog, basic_altar, serial_shops, shop
D:7:      temple_hall, uniq_prince_ribbit1
D:8:      nicolae_overflow_hidden_temple, gammafunk_temple_overflow_claw,
          hangedman_tree_tricks, minmay_hollow_rounded_squares
Temple:   corrupted_temple

Table legend:
 A = Turns spent in this place as a percentage of turns spent in the entire game.
 B = Non-inter-level travel turns spent in this place as a percentage of non-inter-level travel turns spent in the entire game.
 C = Inter-level travel turns spent in this place as a percentage of turns spent in this place.
 D = Turns resting spent in this place as a percentage of non-inter-level travel turns spent in this place.
 E = Turns spent auto-exploring this place as a percentage of non-inter-level travel turns spent in this place.
 F = Non-inter-level travel turns spent in this place divided by the number of levels of this place that you've seen.
                   A       B       C       D       E      F
               +-------+-------+-------+-------+-------+----------------------
         Total | 100.0 | 100.0 |   0.4 |   4.1 |  11.6 | 242.6
       Dungeon |  98.6 |  98.6 |   0.4 |   4.1 |  11.6 | 269.0
        Temple |   1.4 |   1.4 |   0.0 |   0.0 |  16.1 |  31.0
               +-------+-------+-------+-------+-------+----------------------

Table legend:
 A = Kills in this place as a percentage of kills in entire the game.
 B = Kills by you in this place as a percentage of kills by you in the entire game.
 C = Kills by friends in this place as a percentage of kills by friends in the entire game.
 D = Other kills in this place as a percentage of other kills in the entire game.
 E = Experience gained in this place as a percentage of experience gained in the entire game.
 F = Experience gained in this place divided by the number of levels of this place that you have seen.
                   A       B       C       D       E      F
               +-------+-------+-------+-------+-------+----------------------
         Total | 100.0 | 100.0 |  -nan | 100.0 | 100.0 | 492.8
       Dungeon | 100.0 | 100.0 |  -nan | 100.0 | 100.0 | 554.4
               +-------+-------+-------+-------+-------+----------------------
